 Dungeon Sprint DCSS version 0.23.0 (webtiles) character file.

Game seed: 12900928010098418921

1807 Kairos the Cruncher (level 9, -6/81 HPs)
             Began as a Formicid Fighter on Feb 12, 2019.
             Mangled by a yaktaur captain (21 damage)
             ... in the Dungeon (Sprint II: "The Violet Keep of Menkaure").
             The game lasted 00:09:41 (686 turns).

Kairos the Cruncher (Formicid Fighter)               Turns: 686, Time: 00:09:42

Health: -6/81      AC:  9    Str: 29    XL:     9   Next: 31%
Magic:  8/8        EV: 15    Int: 13    God:
Gold:   251        SH: 13    Dex: 12    Spells: 8/8 levels left

rFire    . . .     SeeInvis +   a - +0 quarterstaff
rCold    . . .     Gourm    .   c - +0 shield
rNeg     . . .     Faith    .   d - +1 scale mail "Miduatto" {+Inv MR+ Regen+ Int+5 Dex-3}
rPois    .         Spirit   .   (helmet unavailable)
rElec    .         Reflect  .   (no cloak)
rCorr    .         Harm     .   (no gloves)
MR       +....     Clarity  +   (no boots)
Stlth    +.........             (no amulet)
HPRegen  0.63/turn              (no ring)
MPRegen  0.11/turn              (no ring)

@: mighty, agile
A: permanent stasis, dig shafts and tunnels, four strong arms, antennae 3,
clarity, low mp 1
a: Dig, Evoke Invisibility


You were in the Dungeon.
You were not hungry.

You visited 1 branch You collected 972 gold pieces.
You spent 721 gold pieces at shops.

Inventory:

Hand Weapons
 a - a +0 quarterstaff (weapon)
Armour
 b - a +0 scale mail
 c - a +0 shield (worn)
 d - the +1 scale mail "Miduatto" (worn) {+Inv MR+ Regen+ Int+5 Dex-3}
   (You bought it in a shop in the Dungeon)

   It affects your intelligence (+5).
   It affects your dexterity (-3).
   It affects your resistance to hostile enchantments.
   It lets you turn invisible.
   It increases your rate of regeneration.
Scrolls
 k - a scroll of blinking
Potions
 e - 2 potions of curing
 g - a potion of heal wounds
 h - a potion of haste
 i - 2 potions of magic
 j - a potion of berserk rage
 m - a potion of might
 o - a potion of mutation
Comestibles
 f - 3 rations
 l - 6 chunks of flesh


   Skills:
 + Level 11.2 Fighting
 + Level 12.0 Staves
 + Level 9.9 Armour
 + Level 0.2 Dodging
 + Level 11.4 Shields


You had 8 spell levels left.
You didn't know any spells.
Your spell library was empty.

Dungeon Overview and Level Annotations

Branches:
Dungeon (1/1)

Altars:

Shops:
D :!(!=[[%}}%?:==(

Annotations:
D exclusion: oklob plant, Kirke, Roxanne


Innate Abilities, Weirdness & Mutations

You cannot be hasted, slowed, berserked, paralysed or teleported.
You can dig through walls and to a lower floor.
Your four strong arms can wield two-handed weapons with a shield.
You have a pair of large antennae on your head. (SInv)
You possess an exceptional clarity of mind.
Your magical capacity is low. (-10% MP)


Message History

Your experience leads to an increase in your attributes!
Your base attributes are Str 23, Int 8, Dex 10.
Increase (S)trength, (I)ntelligence, or (D)exterity?
You feel stronger.
You sock the yaktaur captain!
The yaktaur captain is lightly wounded.
You thump the yaktaur captain!
The yaktaur captain is moderately wounded.
The yaktaur captain hits you!!
* * * LOW HITPOINT WARNING * * *
You barely miss the yaktaur captain.
The yaktaur captain is moderately wounded.
The yaktaur captain hits you.
* * * LOW HITPOINT WARNING * * *
You sock the yaktaur captain!
The yaktaur captain is heavily wounded.
Unknown command.
You feel agile all of a sudden. The yaktaur captain hits you!!
You die...

*,{{{*,,Kc{≈##≈≈§§≈.,**{≈,,,,
############≈≈#+++#+++##***,,,
###########≈≈≈.........#,{+,,,
##.....∩.∩#≈≈≈≈.##'##..#{{****
##....∩.∩.#≈≈≈≈##.#.##,####{,+
##...∩.∩..#≈≈≈≈#.##..#,,..#{{*
##..∩.∩...#≈≈#####..####..##**
##.⌠.∩....#≈##c###'###.##..#,{
##..∩.∩...#≈#@#{##.##..##..#{,
##...∩.∩..÷≈'###{.<.'.##+..###
##....∩.∩.#≈#.#.##.##.#.#....#
#▓▓▓▓▓▓▓###≈##.###'###.##.....
##=HH######≈≈####.).####≈≈..§.
#(.H#a{+,##≈≈≈#..#..#≈≈≈≈≈≈§.
#∩P{+a.*+*#+#≈##...##≈≈≈§≈≈≈≈
#[$$#[##{**{*≈≈##+##≈≈≈§§≈≈≈≈
#?$.*##≈≈≈****≈≈≈≈≈○○○≈≈§§≈§≈


You could see a yaktaur captain.

Vanquished Creatures
  A skeletal warrior (D)
  A merfolk siren (D)
  2 hippogriffs (D)
  4 neqoxecs (D)
  A crocodile (D)
  3 worms (D)
12 creatures vanquished.

Vanquished Creatures (others)
  Menkaure (D)
  A crocodile (D)
2 creatures vanquished.

Grand Total: 14 creatures vanquished

Notes
Turn   | Place    | Note
-------+----------+-------------------------------------------
     0 | D        | Kairos the Formicid Fighter began the quest for the Orb.
     0 | D        | Reached XP level 1. HP: 18/18 MP: 1/1
    19 | D        | Killed a crocodile
    23 | D        | Reached XP level 2. HP: 11/25 MP: 2/2
   284 | D        | Noticed a hippogriff
   284 | D        | Noticed a hippogriff
   288 | D        | Noticed a merfolk siren
   300 | D        | Killed a merfolk siren
   300 | D        | Reached skill level 7 in Staves
   300 | D        | Reached XP level 3. HP: 37/37 MP: 3/3
   300 | D        | Reached XP level 4. HP: 44/44 MP: 4/4
   300 | D        | Reached XP level 5. HP: 49/49 MP: 5/5
   300 | D        | Reached XP level 6. HP: 56/56 MP: 6/6
   308 | D        | Noticed a neqoxec
   308 | D        | Noticed a neqoxec
   308 | D        | Noticed a neqoxec
   308 | D        | Noticed a neqoxec
   311 | D        | Gained mutation: Your magical capacity is low. (-10% MP) [a
                  | neqoxec]
   321 | D        | Killed a neqoxec
   321 | D        | Reached skill level 8 in Staves
   321 | D        | Reached XP level 7. HP: 59/63 MP: 6/6
   325 | D        | Gained mutation: You possess an exceptional clarity of
                  | mind. [a neqoxec]
   326 | D        | Killed a neqoxec
   330 | D        | Killed a neqoxec
   330 | D        | Reached skill level 9 in Staves
   330 | D        | Reached skill level 10 in Shields
   335 | D        | Killed a neqoxec
   335 | D        | Reached XP level 8. HP: 68/72 MP: 7/7
   348 | D        | Killed a hippogriff
   348 | D        | Reached skill level 10 in Fighting
   348 | D        | Reached skill level 10 in Staves
   351 | D        | Killed a hippogriff
   359 | D        | Found Fant's Jewellery Emporium.
   360 | D        | Found Leziazuu's Gadget Shoppe.
   360 | D        | Found Gikkez's Gadget Emporium.
   360 | D        | Found Jesuut's Jewellery Shoppe.
   360 | D        | Found Qonor's Food Shoppe.
   360 | D        | Found Zosev's Magic Scroll Shoppe.
   360 | D        | Found Datsak's Distillery.
   360 | D        | Found Jataog's Jewellery Shoppe.
   360 | D        | Found Beps's Antique Armour Emporium.
   360 | D        | Found Zuarres's Antique Weapon Shoppe.
   360 | D        | Found Jot Cetu's Food Emporium.
   373 | D        | Noticed Roxanne
   436 | D        | Found Niviz's Weapon Shoppe.
   436 | D        | Found Imaob's Distillery.
   436 | D        | Noticed a hippogriff
   437 | D        | Found Ogasaa's Book Shoppe.
   437 | D        | Found Qomynu's Antique Armour Emporium.
   437 | D        | Noticed a hippogriff
   438 | D        | Noticed an oklob plant
   438 | D        | Noticed a great orb of eyes
   439 | D        | Found Ziroj's Book Shoppe.
   439 | D        | Noticed a hippogriff
   485 | D        | Bought a bloodstained scale mail for 234 gold pieces
   495 | D        | Identified the +1 scale mail "Miduatto" {+Inv MR+ Regen+
                  | Int+5 Dex-3} (You bought it in a shop in the Dungeon)
   512 | D        | Bought 2 potions of might for 112 gold pieces
   512 | D        | Bought a potion of agility for 56 gold pieces
   512 | D        | Bought a potion of mutation for 112 gold pieces
   512 | D        | Bought a potion of curing for 42 gold pieces
   537 | D        | Bought a ration for 60 gold pieces
   537 | D        | Bought a ration for 60 gold pieces
   539 | D        | Bought a scroll of magic mapping for 45 gold pieces
   599 | D        | Killed Menkaure
   649 | D        | Noticed Kirke
   649 | D        | Noticed a kobold demonologist
   649 | D        | Noticed a skeletal warrior
   649 | D        | Noticed a yaktaur captain
   650 | D        | Noticed a centaur warrior
   650 | D        | Noticed an elephant
   681 | D        | Killed a skeletal warrior
   681 | D        | Reached skill level 12 in Staves
   681 | D        | Reached XP level 9. HP: 37/81 MP: 8/8
   686 | D        | Mangled by a yaktaur captain

Skill      XL: |  1  2  3  4  5  6  7  8 |
---------------+-------------------------+-----
Shields        | 4 8 9 10 11 | 11.4
Fighting       | 4 7 8 9 11 | 11.2
Staves         | 7 8 9 12 | 12.0
Armour         | 7 8 9 |  9.9
Dodging        | |  0.2

Action                   |  1- 3 |  4- 6 |  7- 9 || total
-------------------------+-------+-------+-------++-------
Melee: Quarterstaff      |    23 |    10 |    52 ||    85
  Use: Potion            |       |     1 |     2 ||     3
       Scroll            |       |       |     1 ||     1
Armor: Scale mail        |     1 |       |     4 ||     5
Dodge: Dodged            |     1 |     2 |     3 ||     6
Block: Shield            |     4 |     2 |    13 ||    19
